 Dungeon Crawl Stone Soup version 0.28.0-43-g3370ac3207 (webtiles) character file.

Game seed: 13778178791079220618

315 Pinkishskies the Magician (level 6, -3/40 HPs)
             Began as a Djinni Fire Elementalist on Mar 24, 2022.
             Was an Initiate of Gozag.
             Shot with an arrow by a centaur (12 damage)
             ... on level 4 of the Dungeon.
             The game lasted 00:09:43 (4923 turns).

Pinkishskies the Magician (DjFE)                    Turns: 4923, Time: 00:09:43

Health: -3/40      AC:  4    Str:  7    XL:     6   Next: 72%
Gold:   138        EV: 16    Int: 24    God:    Gozag SH:  0 Dex: 14

rFire   + + .      SeeInvis .   (no weapon)
rCold   x . .      Faith    .   (no shield)
rNeg    . . .      Spirit   .   d - +0 leather armour
rPois   ∞          Reflect  .   (no helmet)
rElec   .          Harm     .   j - +0 cloak
rCorr   .          Rampage  .   (no gloves)
Will    .....                   (boots unavailable)
Stlth   ++........              (no amulet)
HPRegen 0.13/turn               f - +6 ring of intelligence
MPRegen 0.00/turn               g - +4 ring of evasion

@: flying
A: sickness immunity, fire resistance 2, cold vulnerability 1, float, innate
caster, HP casting, extra vitality 1
a: Renounce Religion, Potion Petition, Call Merchant, Bribe Branch


You were on level 4 of the Dungeon.
You worshipped Gozag.
Gozag was aware of your devotion.
You visited 2 branches of the dungeon, and saw 5 of its levels.

You collected 196 gold pieces.
You paid 58 gold pieces to Gozag.

Inventory:

Missiles
 h - 212 stones
Armour
 a - a +0 robe
 d - a +0 leather armour (worn)
 j - a +0 cloak (worn)
Jewellery
 f - a +6 ring of intelligence (left hand)
 g - a +4 ring of evasion (right hand)
 q - a +4 ring of protection
Wands
 m - a wand of iceblast (6)
Scrolls
 b - a scroll of enchant weapon
 i - a scroll of teleportation {unknown}
 k - a scroll of amnesia {unknown}
 l - a scroll of fear {unknown}
 n - 2 scrolls of identify {unknown}
 o - 2 scrolls of acquirement {unknown}
 p - a scroll of enchant armour {unknown}
 r - a scroll of blinking {unknown}
Potions
 c - 2 potions of curing {unknown}
 e - 2 potions of berserk rage {unknown}
 s - 2 potions of might {unknown}
 t - a potion of brilliance {unknown}


   Skills:
 + Level 1.3 Armour
 + Level 2.7 Dodging
 + Level 2.2 Stealth
 + Level 4.9 Spellcasting


You couldn't memorise any spells.
You knew the following spells:

 Your Spells              Type           Power      Damage    Failure   Level
a - Foxfire               Conj/Fire      100%       2x1d9     1%          1
b - Scorch                Fire           58%        2d7       2%          2
c - Conjure Flame         Conj/Fire      29%        6-21      5%          3
d - Inner Flame           Hex/Fire       29%        N/A       5%          3
e - Flame Wave            Conj/Fire      29%        2d8       17%         4
f - Pain                  Necr           100%       1d9       1%          1
g - Poisonous Vapours     Pois/Air       58%        N/A       2%          2
Your spell library was empty.

Dungeon Overview and Level Annotations

Branches:
Dungeon (4/15)             Temple (1/1) D:4

Altars:
Cheibriados
Elyvilon
Fedhas
Gozag
Hepliaklqana
Kikubaaqudgha
Makhleb
Nemelex Xobeh
Okawaru
Qazlal
Ru
Sif Muna
Trog
Uskayaw
Vehumet
Wu Jian
Xom
Yredelemnul
Zin
The Shining One

Annotations:
D:3 3 runed translucent doors, WaxSun's ghost, amateur HuDe; demenzo's ghost, amateur OgBe


Innate Abilities, Weirdness & Mutations

You are immune to sickness and miasma.
You are immune to poison.
Your flesh is very heat resistant. (rF++)
You are vulnerable to cold. (rC-)
You float through the air rather than walking.
You learn spells naturally, not from books.
Your magical power is your life essence.
You have superior vitality. (+4 MHP)


Message History

The foxfire hits the giant cockroach.
You kill the giant cockroach!
You conjure some foxfire!
A centaur comes into view.
You conjure some foxfire!
The foxfire hits the centaur.
The centaur is lightly wounded.
The foxfire hits the centaur but does no damage.
The centaur is lightly wounded.
You conjure some foxfire!
There is not enough space to conjure foxfire!
Unknown command.
There is not enough space to conjure foxfire!
Casting: Foxfire (safe; 1% risk of failure)
Confirm with . or Enter, or press ? or * to list all spells.
Aiming: Poisonous Vapours (safe; 2% risk of failure)
Press: ? - help, Dir - move target, f - centaur
Aim: a centaur, quivering arrows (lightly wounded, ally target) Poisonous vapours surround the centaur!
The centaur is poisoned.
The foxfire hits the centaur but does no damage.
The centaur is lightly wounded.
The foxfire hits the centaur.
The centaur is moderately wounded.
The centaur wields a +0 shortbow.
The centaur shoots an arrow.
The arrow hits you!
Casting: Poisonous Vapours (safe; 2% risk of failure)
Confirm with . or Enter, or press ? or * to list all spells.
Flames lash the centaur.
The centaur is moderately wounded.
The centaur's fire resistance burns away.
The centaur shoots an arrow.
The arrow completely misses you. The arrow hits your foxfire!
The centaur shoots an arrow.
The arrow hits you!
* * * LOW HITPOINT WARNING * * *
Your foxfire dissipates!
The centaur shoots an arrow.
The arrow barely misses you.
The centaur is no longer more vulnerable to fire.
The centaur shoots an arrow.
The arrow closely misses you.
The centaur shoots an arrow.
The arrow closely misses you.
The centaur shoots an arrow.
The arrow hits you!
You die...
Your body crumbles into a pile of gold.

########## #########
.........#
#######.......>
##.#####.######
..>..........#
#............## #
#.# .#
##............###.#
#.# .#
###.............@..#
#.# #.#
)....###.####..###.#
#.# #.# ###.##
#.####..# # #.# #.#
#.# #....c..#
#.####.# ###.##
#.c###..# #......#
.......... #..#
#####..# ###.#####.
#..# #..# #.# #$
#..# ##..## #.. ..
...# #######.....


You could see a centaur (poisoned).

Vanquished Creatures
  An ogre (D:4)
  A scorpion (D:4)
  A hound (D:3)
  Natasha (D:4)
  3 adders
  4 dart slugs
  2 orcs
  6 ball pythons
  5 endoplasms
  5 giant cockroaches
  9 goblins
  10 hobgoblins
  6 jackals
  3 quokkas
  5 bats
  5 frilled lizards
  3 kobolds (D:1)
  3 rats
73 creatures vanquished.

Vanquished Creatures (others)
  246 foxfires
246 creatures vanquished.

Grand Total: 319 creatures vanquished

Notes
Turn   | Place    | Note
-------+----------+-------------------------------------------
     0 | D:1      | Pinkishskies the Djinni Fire Elementalist began the quest
                  | for the Orb.
     0 | D:1      | Reached XP level 1. HP: 15/15 MP: 0/0
   315 | D:1      | Reached XP level 2. HP: 15/21 MP: 0/0
   825 | D:1      | Reached skill level 3 in Spellcasting
   827 | D:1      | Reached XP level 3. HP: 20/25 MP: 0/0
   827 | D:1      | Learned a level 1 spell: Pain
  1788 | D:1      | Found a faded altar of an unknown god.
  2278 | D:2      | Reached XP level 4. HP: 28/31 MP: 0/0
  3126 | D:3      | Found a runed translucent gate.
  3126 | D:3      | Found a runed translucent gate.
  3126 | D:3      | Found a runed translucent gate.
  3153 | D:3      | Noticed WaxSun's ghost (amateur HuDe)
  3153 | D:3      | Noticed demenzo's ghost (amateur OgBe)
  3167 | D:3      | Reached XP level 5. HP: 28/35 MP: 0/0
  3167 | D:3      | Learned a level 2 spell: Poisonous Vapours
  3713 | D:4      | Noticed Natasha
  3742 | D:4      | Killed Natasha
  3743 | D:4      | Reached skill level 4 in Spellcasting
  3971 | D:4      | Found a staircase to the Ecumenical Temple.
  4097 | D:4      | Reached skill level 1 in Armour
  4097 | D:4      | Reached XP level 6. HP: 34/40 MP: 0/0
  4253 | Temple   | Entered the Ecumenical Temple
  4618 | Temple   | Became a worshipper of Gozag Ym Sagoz the Greedy
  4818 | D:4      | Noticed an ogre
  4835 | D:4      | Killed an ogre
  4923 | D:4      | Shot with an arrow by a centaur

Illustrated notes

Levels and vault maps discovered:
D:1:      heliophobic_arrival_glass_houses, layout_rooms,
          dreamdust_ecumenical_altar_hidden_monk_grotto, serial_bayou_pond_e
D:2:      layout_rooms, kennysheep_small_spiral
D:3:      layout_rooms, gammafunk_ghost_cemetery
D:4:      layout_loops_ring, minmay_temple_entry_slanted, uniq_natasha
Temple:   mainiacjoe_temple_cubbyholes

Skill      XL: |  1  2  3  4  5 |
---------------+----------------+-----
Spellcasting   | 3 4 |  4.9
Stealth        | 2 |  2.2
Armour         | 1 |  1.3
Dodging        | |  2.7

Action                   |  1- 3 |  4- 6 || total
-------------------------+-------+-------++-------
 Cast: Foxfire           |    75 |    86 ||   161
       Pain              |     7 |     4 ||    11
       Scorch            |     7 |     4 ||    11
       Poisonous Vapours |       |    15 ||    15
  Use: Scroll            |       |     1 ||     1
Armor: Robe              |     1 |       ||     1
       Leather armour    |     1 |       ||     1
Dodge: Dodged            |     5 |    12 ||    17
